 Dungeon Crawl Stone Soup version 0.21.1-1-g345015f (webtiles) character file.

8031 Fang the Fighter (level 11, 0/73 HPs)
             Began as a Gargoyle Berserker on May 14, 2018.
             Was a High Priest of Trog.
             Slain by a large abomination (12 damage)
             ... on level 3 of the Abyss.
             The game lasted 00:16:18 (8011 turns).

Fang the Fighter (Gargoyle Berserker)               Turns: 8011, Time: 00:16:19

Health: 0/73       AC: 32    Str: 19 (21) XL:     11   Next: 24%
Magic:  4/7        EV:  2    Int:  2 (3)  God:    Trog [*****.]
Gold:   353        SH:  3    Dex:  9      Spells: 10/10 levels left

rFire    . . .     SeeInvis +   D - +2 hand axe (protect)
rCold    . . .     Gourm    .   (no shield)
rNeg     + + +     Faith    .   (armour currently unavailable)
rPois    ∞         Spirit   .   (helmet currently unavailable)
rElec    .         Reflect  +   (cloak currently unavailable)
rCorr    .         Harm     .   (gloves currently unavailable)
MR       .....     Rnd*Rage +   (boots currently unavailable) Stlth ++++......NoTele +
                                a - +3 amulet of reflection
HPRegen  0.22/turn              y - ring of see invisible
MPRegen  0.10/turn              m - ring of flight

@: tree-form, protection aura
A: [berserk 2], [blurry vision 3], [deterioration 2], [dopey 2], [frail 3], [low
mp 3], negative energy resistance 1, [screaming 2], [weak 2], petrification
resistance, rot immunity, [subdued magic 3], [MP-powered wands], AC +8
a: Berserk, Trog's Hand, Brothers in Arms, Burn Spellbooks, Renounce Religion


You were on level 3 of the Abyss.
You worshipped Trog.
Trog was extremely pleased with you.
You were near starving.
You were a tree.
You visited 2 branches of the dungeon, and saw 10 of its levels.
You visited the Abyss 1 time.

You collected 353 gold pieces.

Inventory:

Hand Weapons
 v - a +2 quarterstaff of chaos
 D - a +2 hand axe of protection (weapon)
Armour
 b - a +2 animal skin (melded)
 g - the +0 helmet of Moral Flaws (melded) {rElec rN+ Dex-3}
   (You found it on level 5 of the Dungeon)

   It affects your dexterity (-3).
   It insulates you from electricity.
   It protects you from negative energy.
 w - a +2 cloak (melded)
Jewellery
 a - a +3 amulet of reflection (around neck)
 m - a ring of flight (right branch)
 y - a ring of see invisible (left branch)
Wands
 n - a wand of flame (23)
 C - a wand of disintegration (37)
Scrolls
 e - 6 scrolls of remove curse
 i - a scroll of magic mapping
 j - 3 scrolls of brand weapon
 l - 4 scrolls of identify
 o - a scroll of enchant armour
 q - 2 scrolls of fog
Potions
 d - 2 potions of magic
 f - 2 potions of agility
 k - 2 potions of lignification
 r - 2 potions of flight
 s - a potion of curing
 t - 3 potions of brilliance
 u - 2 potions of ambrosia
 x - a potion of might
 A - 3 potions of haste
 B - a potion of cancellation
Comestibles
 c - 11 rations


   Skills:
 + Level 9.2 Fighting
 + Level 8.6 Axes
 + Level 9.1 Staves
 + Level 2.4 Armour
 + Level 6.9 Dodging
 + Level 8.3 Stealth


You had 10 spell levels left.
You didn't know any spells.

Dungeon Overview and Level Annotations

Branches:
Dungeon (9/15)             Temple (0/1) D:7            Lair (1/6) D:8
    Orc: D:9-12

Altars:
Dithmenos
Fedhas
Kikubaaqudgha
Makhleb
Okawaru
Qazlal
Ru
Trog
The Shining One

Shops:
D:8 =   D:9 =

Annotations:
D:4 Grinder
D:9 Zdeegee's ghost, novice TeVM


Innate Abilities, Weirdness & Mutations

You are resistant to torment.
((Your stone body is resilient. (AC +8)))
You are immune to poison.
You resist negative energy. (rN+)
((You are resistant to electric shocks. (rElec)))
((You can survive without breathing.))
You are immune to petrification.
You are immune to rotting.
[You often lose your temper in combat.]
[Scrolls take you much longer to read.]
[Your body often deteriorates upon taking damage.]
[You are very dopey. (Int -4)]
[You are extremely frail. (-30% HP)]
[Your magical capacity is extremely low. (-30% MP)]
[You sometimes yell uncontrollably at your foes.]
[You are very weak. (Str -4)]
[Your spells are much easier to cast, but much less powerful.]
[You expend magic power (3 MP) to strengthen your wands.]


Message History

Helpless, you fail to dodge the living lightning.
* * * LOW HITPOINT WARNING * * *
Your body deteriorates!
You feel weakened.
The living lightning hits the ynoxinul.
The ynoxinul resists.
The living lightning hits the ynoxinul.
The ynoxinul resists.
The living lightning hits you!
The raiju blinks! x3
The wretched star pulses with an eldritch light!
Your connection to magic feels nearly dormant.
The large abomination hits you.
* * * LOW HITPOINT WARNING * * *
The deep elf mage casts a spell.
You hit the queen bee.
The queen bee is lightly wounded.
You barely miss the wretched star.
You hit the large abomination but do no damage.
You hit the ynoxinul but do no damage. You hit the sixfirhy but do no damage.
The sixfirhy completely misses you.
The queen bee stings you but does no damage.
The large abomination hits you!
You die...

§§. .. #
#..≈ ###
#... ##.
≈## .. #5#
##.#55# .
##..55.#
...#.h33##
.......X♣.#
...#..*y§#
##..e## .
##.## . EE
...§ ....
#....


You could see a wretched star, a large abomination, 2 earth elementals, a deep
elf mage, a queen bee, a sixfirhy, a raiju, a ynoxinul and 5 ufetubi.

Vanquished Creatures
  A two-headed ogre (D:9)
  A wretched star (Abyss:3)
  Pikel (D:6)
  A komodo dragon (D:8)
  2 trolls
  A hippogriff (D:9)
  A shadow (Abyss:3)
  Sigmund (D:2)
  A basilisk (Lair:1)
  A wyvern (D:8)
  Menkaure (D:4)
  3 orc warriors (D:8)
  A sky beast (D:8)
  A necrophage (D:6)
  2 eyes of draining
  2 phantoms
  4 ogres
  A black bear (D:8)
  A crocodile (D:8)
  A centaur (D:7)
  Blork the orc (D:4)
  A big kobold (D:9)
  3 bullfrogs
  A wyvern skeleton (D:6)
  6 killer bees (D:4)
  4 wights
  4 howler monkeys
  4 crimson imps
  2 orc priests
  Crazy Yiuf (D:3)
  7 orc wizards
  4 jellies
  A bullfrog skeleton (D:7)
  An iguana (D:9)
  12 worker ants
  A worker ant zombie (D:5)
  Robin (D:4)
  7 adders
  4 gnolls
  A shadow imp (D:9)
  An adder skeleton (D:4)
  An adder zombie (D:9)
  3 worms
  A dart slug (D:1)
  9 leopard geckos
  25 orcs
  5 giant cockroaches
  17 goblins
  8 hobgoblins
  11 jackals
  3 quokkas
  A ball python (D:1)
  12 bats
  8 frilled lizards
  A jackal skeleton (D:4)
  A jackal zombie (D:5)
  10 kobolds
  7 rats
  2 plants (D:8)
220 creatures vanquished.

Vanquished Creatures (others)
  A water moccasin (Lair:1)
  A jackal (D:6)
  A lurking horror (Abyss:3)
  2 plants (D:8)
5 creatures vanquished.

Grand Total: 225 creatures vanquished

Notes
Turn   | Place    | Note
-------+----------+-------------------------------------------
     0 | D:1      | Fang the Gargoyle Berserker began the quest for the Orb.
     0 | D:1      | Reached XP level 1. HP: 14/14 MP: 1/1
   301 | D:1      | Reached XP level 2. HP: 19/19 MP: 2/2
   587 | D:1      | Reached XP level 3. HP: 23/23 MP: 3/3
  1220 | D:2      | Reached ** piety under Trog
  1224 | D:2      | Noticed Sigmund
  1334 | D:2      | Killed Sigmund
  1334 | D:2      | Reached XP level 4. HP: 20/29 MP: 4/4
  1334 | D:2      | Reached XP level 5. HP: 23/33 MP: 5/5
  1529 | D:2      | Found a stormy altar of Qazlal.
  1563 | D:2      | Found a blossoming altar of Fedhas.
  1694 | D:2      | Reached skill level 1 in Stealth
  1694 | D:2      | Reached XP level 6. HP: 35/38 MP: 6/6
  1700 | D:2      | Found a burning altar of Makhleb.
  2130 | D:3      | Found a sacrificial altar of Ru.
  2133 | D:3      | Found a bloodstained altar of Trog.
  2149 | D:3      | Found a faded altar of an unknown god.
  2242 | D:3      | Reached skill level 5 in Axes
  2288 | D:3      | Found a runed door.
  2367 | D:3      | Found an iron altar of Okawaru.
  2381 | D:3      | Found an ancient bone altar of Kikubaaqudgha.
  2383 | D:3      | Found a glowing golden altar of the Shining One.
  2497 | D:3      | Noticed Crazy Yiuf
  2508 | D:3      | Killed Crazy Yiuf
  2732 | D:4      | Reached *** piety under Trog
  2847 | D:4      | Reached XP level 7. HP: 42/44 MP: 7/7
  2940 | D:4      | Reached skill level 1 in Staves
  3161 | D:4      | Noticed Robin
  3290 | D:4      | Killed Robin
  3512 | D:4      | Reached skill level 5 in Fighting
  3514 | D:4      | Reached XP level 8. HP: 49/49 MP: 8/8
  3796 | D:4      | Noticed Menkaure
  3804 | D:4      | Killed Menkaure
  3862 | D:4      | Noticed Blork the orc
  3872 | D:4      | Killed Blork the orc
  3872 | D:4      | Reached skill level 5 in Staves
  3895 | D:4      | Reached XP level 9. HP: 59/59 MP: 9/9
  3950 | D:4      | Noticed Grinder
  4214 | D:5      | Entered Level 5 of the Dungeon
  4400 | D:5      | Got a dazzling helmet
  4406 | D:5      | Identified the cursed +0 helmet of Moral Flaws {rElec rN+ Dex-3} (You found it on level 5 of the Dungeon)
  4599 | D:5      | Reached **** piety under Trog
  4864 | D:6      | Found a shadowy altar of Dithmenos.
  4897 | D:6      | Found a burning altar of Makhleb.
  4982 | D:6      | Noticed Pikel
  4991 | D:6      | Killed Pikel
  4991 | D:6      | Reached XP level 10. HP: 64/64 MP: 10/10
  5483 | D:7      | Found a staircase to the Ecumenical Temple.
  5715 | D:7      | You fall through a shaft!
  5715 | D:8      | Found a staircase to the Lair.
  5868 | Lair:1   | Entered Level 1 of the Lair of Beasts
  6590 | D:8      | Reached ***** piety under Trog
  7206 | D:8      | Found Baefid's Jewellery Shop.
  7336 | D:9      | Noticed a two-headed ogre
  7385 | D:9      | Killed a two-headed ogre
  7385 | D:9      | Reached XP level 11. HP: 53/71 MP: 11/11
  7431 | D:9      | Found an iron altar of Okawaru.
  7801 | D:9      | Found Uwupy's Jewellery Shop.
  7829 | D:9      | Noticed Zdeegee's ghost (novice TeVM)
  7847 | D:9      | Cast into level 3 of the Abyss (Zdeegee's ghost)
  7949 | Abyss:3  | Noticed a worldbinder
  7970 | Abyss:3  | Noticed a wretched star
  7987 | Abyss:3  | Noticed a large abomination
  7988 | Abyss:3  | Noticed a sixfirhy
  7993 | Abyss:3  | Noticed a wretched star
  8000 | Abyss:3  | Killed a wretched star
  8006 | Abyss:3  | Noticed a deep elf mage
  8011 | Abyss:3  | Slain by a large abomination

Skill      XL: |  1  2  3  4  5  6  7  8  9 10 |
---------------+-------------------------------+-----
Axes           | 3 4 5 7 8 |  8.6
Dodging        | 2 3 6 |  6.9
Fighting       | 4 5 8 9 |  9.2
Stealth        | 1 6 7 8 |  8.3
Staves         | 3 7 8 9 |  9.1
Armour         | |  2.4

Action                   |  1- 3 |  4- 6 |  7- 9 | 10-12 || total
-------------------------+-------+-------+-------+-------++-------
Melee: Hand axe          |   111 |   144 |       |   317 ||   572
       Quarterstaff      |       |    27 |   173 |    82 ||   282
Invok: Berserk           |     2 |     2 |     7 |     9 ||    20
       Burn Spellbooks   |       |       |       |     1 ||     1
  Use: Scroll            |       |       |    21 |     6 ||    27
       Potion            |       |       |     1 |     5 ||     6
 Stab: Sleeping          |     1 |     2 |     7 |    11 ||    21
       Confused          |       |     1 |     1 |       ||     2
  Eat: Chunk             |     2 |     8 |     9 |    14 ||    33
       Ration            |       |       |     1 |     1 ||     2
Armor: Animal skin       |    44 |    69 |    63 |   144 ||   320
       Skin              |       |       |       |    22 ||    22
Dodge: Dodged            |    73 |   121 |   104 |   183 ||   481
Block: Other             |       |       |       |    30 ||    30
       Reflection        |       |       |       |     1 ||     1
